 Dungeon Crawl Stone Soup version bcrawl-1.19.2-6-g6a88ae04c9 (webtiles) character file.

Game seed: 11629571032712909225

275 Mrkan the Ducker (level 6, -5/48 HPs)
             Began as a Merfolk Gladiator on Jan 4, 2020.
             Killed from afar by an orc wizard (7 damage)
             ... with a magic dart
             ... on level 3 of the Dungeon.
             The game lasted 00:03:56 (2618 turns).

Mrkan the Ducker (Merfolk Gladiator)                Turns: 2618, Time: 00:03:57

Health: -5/48      AC:  4    Str: 14    XL:     6   Next: 24%
Magic:  6/6        EV: 16    Int:  7    God:
Gold:   112        SH:  0    Dex: 18    Spells: 5/5 levels left

rFire    . . .     SeeInvis .   a - +0 trident
rCold    . . .     Gourm    .   (no shield)
rNeg     . . .     Faith    .   b - +0 leather armour
rPois    .         Spirit   .   c - +0 helmet
rElec    .         Reflect  .   (no cloak)
rCorr    .         Harm     .   (no gloves)
MR       .....                  (no boots)
Stlth    +.........             (no amulet)
HPRegen  0.16/turn              (no ring)
MPRegen  0.10/turn              (no ring)

@: no status effects
A: change form in water, swift swim, stealthy swim
a: no special abilities


You were on level 3 of the Dungeon.
You were not hungry.

You visited 1 branch of the dungeon, and saw 3 of its levels.

You collected 112 gold pieces.

Inventory:

Hand Weapons
 a - a +0 trident (weapon)
Missiles
 d - 3 throwing nets (quivered) {!f}
Armour
 b - a +0 leather armour (worn)
 c - a +0 helmet (worn)
Jewellery
 e - a +5 ring of evasion {unknown}
 o - a +6 amulet of reflection {unknown}
Wands
 n - a wand of polymorph (8)
Scrolls
 g - 3 scrolls of fear {unknown}
 h - 3 scrolls of immolation {unknown}
 k - a scroll of identify {unknown}
 p - a scroll of amnesia {unknown}
Potions
 i - 2 potions of ambrosia
 j - a potion of heal wounds
 l - 2 potions of magic {unknown}
 m - a potion of cancellation {unknown}
 q - a potion of berserk rage {unknown}
 r - a potion of lignification {unknown}
 t - a potion of flight {unknown}
Comestibles
 f - 5 rations {!d}
 s - a chunk of flesh


   Skills:
 + Level 3.9 Fighting
 + Level 6.1 Polearms
 - Level 2.0 Throwing
 * Level 6.9 Dodging


You had 5 spell levels left.
You didn't know any spells.
Your spell library was empty.

Dungeon Overview and Level Annotations

Branches:
Dungeon (3/12)

Altars:
Ashenzari
Cheibriados
Elyvilon
Fedhas
Nemelex Xobeh
Trog
Zin


Message History

You miss something. Something hits you.
* * * LOW HITPOINT WARNING * * *
You miss something. Something hits you but does no damage.
You hit something but do no damage. Something hits you but does no damage.
You miss something. You hit something but do no damage.
You hear some strange, mumbled words.
A magic dart appears from out of thin air!
The magic dart hits you!
* * * LOW HITPOINT WARNING * * *
You miss something.
You hear some strange, mumbled words.
Something tries to affect you, but you resist.
You miss something. Something hits you but does no damage.
You hit something but do no damage. Something hits you but does no damage.
You miss something.
You hear some strange, mumbled words.
A magic dart appears from out of thin air!
The magic dart hits you!
You die...

....##....#....##....#
.#####..###8.._##....#
...)....#########....#
#######..########'######
.........................
##.##.##..######.########
# .##.###.# #.# #
..).##.# #.# # ###...###
#@# ###≈≈...≈≈# #{# ###
..#≈..♣..≈### #.# ..?.
#...........# ##.##.....
#...♣._.♣...###.......(.
##...........##..##.....
##≈..♣..≈##†#....# ....
#≈≈...≈≈##......+ #..
###...###.......# .


There were no monsters in sight!

Vanquished Creatures
  2 scorpions (D:3)
  A crimson imp (D:3)
  An orc priest (D:3)
  An orc wizard (D:3)
  2 oozes
  4 worms
  A dart slug (D:1)
  5 leopard geckos
  2 orcs (D:3)
  A ball python (D:2)
  4 giant cockroaches
  3 goblins
  7 hobgoblins
  3 jackals (D:1)
  11 kobolds
  3 bats
  3 frilled lizards
  8 rats
62 creatures vanquished.

Vanquished Creatures (others)
  A goblin (D:3)
1 creature vanquished.

Grand Total: 63 creatures vanquished

Notes
Turn   | Place    | Note
-------+----------+-------------------------------------------
     0 | D:1      | Mrkan the Merfolk Gladiator began the quest for the Orb.
     0 | D:1      | Reached XP level 1. HP: 16/16 MP: 1/1
    87 | D:1      | Reached XP level 2. HP: 18/23 MP: 2/2
   530 | D:1      | Reached XP level 3. HP: 28/28 MP: 3/3
   825 | D:1      | Reached skill level 5 in Dodging
  1116 | D:2      | Reached skill level 5 in Polearms
  1361 | D:2      | Reached XP level 4. HP: 30/34 MP: 4/4
  1532 | D:2      | Found a sparkling altar of Nemelex Xobeh.
  1623 | D:2      | Found a blossoming altar of Fedhas.
  1626 | D:2      | Found a bloodstained altar of Trog.
  1695 | D:2      | Found a shattered altar of Ashenzari.
  1695 | D:2      | Found a snail-covered altar of Cheibriados.
  1781 | D:2      | Found a faded altar of an unknown god.
  2041 | D:3      | Noticed an angel
  2042 | D:3      | Found a glowing silver altar of Zin.
  2078 | D:3      | Reached XP level 5. HP: 33/41 MP: 5/5
  2429 | D:3      | Found a white marble altar of Elyvilon.
  2599 | D:3      | Reached XP level 6. HP: 7/48 MP: 6/6
  2614 | D:3      | HP: 1/48 [something/magic dart (5)]
  2618 | D:3      | Killed from afar by an orc wizard

Skill      XL: |  1  2  3  4  5 |
---------------+----------------+-----
Dodging        | 5 6 |  6.9
Polearms       | 5 6 |  6.1
Fighting       | 3 |  3.9
Throwing       | |  2.0

Action                   |  1- 3 |  4- 6 || total
-------------------------+-------+-------++-------
Melee: Trident           |   168 |   134 ||   302
  Use: Potion            |       |     2 ||     2
  Eat: Chunk             |     2 |     4 ||     6
Armor: Leather armour    |    33 |    15 ||    48
Dodge: Dodged            |   131 |    85 ||   216
